 Dungeon Crawl Stone Soup version 0.25-a0-310-g60f0ac2d9a (webtiles) character file.

Game seed: 14837275804654699548, levelgen mode: classic

448 Borgoz the Chopper (level 6, -20/56 HPs)
             Began as a Minotaur Berserker on Dec 23, 2019.
             Was a Priest of Trog.
             Demolished by an ogre
             ... wielding a +0 giant club
              (24 damage)
             ... on level 5 of the Dungeon.
             The game lasted 00:02:51 (3220 turns).

Borgoz the Chopper (Minotaur Berserker)             Turns: 3220, Time: 00:02:51

Health: -20/56     AC:  6    Str: 21    XL:     6   Next: 73%
Magic:  5/5        EV: 13    Int:  4    God:    Trog [***...]
Gold:   173        SH:  0    Dex: 12    Spells: 5/5 levels left

rFire    . . .     SeeInvis .   a - +0 hand axe
rCold    . . .     Gourm    .   (no shield)
rNeg     . . .     Faith    .   l - +0 ring mail
rPois    .         Spirit   .   (helmet restricted)
rElec    .         Reflect  .   (no cloak)
rCorr    +         Harm     .   (no gloves)
MR       .....                  (no boots)
Stlth    +.........             (no amulet)
HPRegen  0.18/turn              b - ring of resist corrosion
MPRegen  0.09/turn              (no ring)

@: no status effects
A: retaliatory headbutt, horns 2
a: Berserk, Trog's Hand, Renounce Religion


You were on level 5 of the Dungeon.
You worshipped Trog.
Trog was most pleased with you.
You were not hungry.

You visited 1 branch of the dungeon, and saw 5 of its levels.

You collected 173 gold pieces.

Inventory:

Hand Weapons
 a - a +0 hand axe (weapon)
 s - a +1 vampiric hand axe
Armour
 l - a +0 ring mail (worn)
 r - a +0 pair of gloves
Jewellery
 b - a ring of resist corrosion (left hand)
 d - an uncursed ring of fire
Scrolls
 e - a scroll of amnesia {unknown}
 f - 3 scrolls of identify {unknown}
 j - a scroll of enchant weapon {unknown}
 k - 3 scrolls of remove curse {unknown}
 n - 2 scrolls of random uselessness {unknown}
 o - a scroll of enchant armour {unknown}
 p - a scroll of fear {unknown}
 q - 2 scrolls of magic mapping {unknown}
Potions
 g - 3 potions of curing
 h - a potion of lignification {unknown}
 i - a potion of flight {unknown}
 m - a potion of heal wounds {unknown}
Comestibles
 c - 7 rations


   Skills:
 + Level 5.5 Fighting
 + Level 5.6 Axes
 + Level 4.8 Armour
 + Level 4.3 Dodging


You had 5 spell levels left.
You didn't know any spells.
Your spell library was empty.

Dungeon Overview and Level Annotations

Branches:
Dungeon (5/15)
 Temple: D:4-7

Altars:
Makhleb

Shops:
D:4 %

Annotations:
D:3 1 runed translucent door, twoshot's ghost, amateur DEFE


Innate Abilities, Weirdness & Mutations

You reflexively headbutt those who attack you in melee.
You have a pair of horns on your head.


Message History

Trog accepts your kill.
An ogre comes into view. It is wielding a +0 giant club.
The ogre shouts!
Found a scroll labeled AHECKU QIHA.
You completely miss the ogre.
The ogre hits you with a +0 giant club!!
* * * LOW HITPOINT WARNING * * *
You barely miss the ogre. The ogre closely misses you.
You hit the ogre.
The ogre is lightly wounded.
An adder comes into view.
The adder hisses angrily.
You hit the ogre. You headbutt the ogre.
The ogre is moderately wounded.
The ogre closely misses you.
You hit the ogre.
The ogre is heavily wounded.
You hit the adder.
The ogre hits you with a +0 giant club!!
You die...

?# .# # .# .# .# ##.
###.## .. # ....# .#
#. ###OS.#
.#######.#..##..@#.#
....<..............#
.###.###.##.##.###.#
....... .. #.# .#
.###.###$#####†# #
.###.###.#.....#
.........#.#####
####.#####.# ####.#
#.#


You could see an ogre and an adder.

Vanquished Creatures
  A sky beast (D:5)
  A jelly (D:5)
  2 hounds
  An orc wizard (D:3)
  2 orc priests (D:3)
  A worker ant (D:4)
  A worker ant zombie (D:5)
  3 adders
  An ooze (D:3)
  2 adder skeletons (D:4)
  An adder zombie (D:5)
  3 worms
  3 leopard geckos
  8 orcs
  3 ball pythons
  6 bats
  8 giant cockroaches
  4 goblins
  5 hobgoblins
  10 jackals
  9 kobolds
  A quokka (D:2)
  3 frilled lizards
  A giant cockroach zombie (D:3)
  6 rats
86 creatures vanquished.

Notes
Turn   | Place    | Note
-------+----------+-------------------------------------------
     0 | D:1      | Borgoz the Minotaur Berserker began the quest for the Orb.
     0 | D:1      | Reached XP level 1. HP: 19/19 MP: 0/0
    47 | D:1      | Reached XP level 2. HP: 25/27 MP: 1/1
   386 | D:1      | Reached XP level 3. HP: 25/33 MP: 2/2
   429 | D:1      | Reached ** piety under Trog
  1091 | D:2      | Found a burning altar of Makhleb.
  1097 | D:2      | Reached XP level 4. HP: 38/41 MP: 3/3
  1242 | D:3      | Found a runed translucent door.
  1242 | D:3      | Noticed twoshot's ghost (amateur DEFE)
  1646 | D:3      | Reached *** piety under Trog
  1670 | D:3      | Reached XP level 5. HP: 47/47 MP: 4/4
  1686 | D:3      | Reached skill level 5 in Axes
  1818 | D:3      | Reached skill level 5 in Fighting
  2426 | D:4      | Found Gisor's Food Shop.
  2570 | D:4      | Reached XP level 6. HP: 40/56 MP: 5/5
  3138 | D:5      | Entered Level 5 of the Dungeon
  3192 | D:5      | Noticed a sky beast
  3205 | D:5      | Killed a sky beast
  3220 | D:5      | Demolished by an ogre

Levels and vault maps discovered:
D:1:      saegor_arrival_simple_a, layout_loops_ring
D:2:      layout_loops_ring, makhleb_heckhound_becter
D:3:      layout_basic, ebering_ghost_reflecting_pool
D:4:      layout_loops_ring, serial_shops, shop
D:5:      layout_loops_ring, overflow_temple_1_default, enter_ossuary_3,
          first_ration

Skill      XL: |  1  2  3  4  5  6 |
---------------+-------------------+-----
Fighting       | 4 5 |  5.5
Axes           | 4 5 |  5.6
Armour         | 3 4 |  4.8
Dodging        | 3 4 |  4.3

Action                   |  1- 3 |  4- 6 || total
-------------------------+-------+-------++-------
Melee: Hand axe          |    76 |   149 ||   225
       Headbutt          |    13 |    36 ||    49
  Use: Potion            |       |     1 ||     1
  Eat: Chunk             |     1 |     6 ||     7
Armor: Animal skin       |    11 |       ||    11
       Ring mail         |    11 |    41 ||    52
Dodge: Dodged            |    51 |    80 ||   131

Table legend:
 A = Non-vault XP
 B = Vault XP
 C = Vault XP percentage of total XP
 D = Non-vault monster count
 E = Vault monster count
 F = Vault count percentage of total count
                 A         B        C        D         E       F
            +---------+---------+-------+---------+---------+-------
      Total |     597 |      43 |   6.7 |      85 |       1 |   1.2
            +---------+---------+-------+---------+---------+-------
        D:1 |      51 |       0 |   0.0 |      28 |       0 |   0.0
        D:2 |      37 |      43 |  53.8 |      13 |       1 |   7.1
        D:3 |     194 |       0 |   0.0 |      28 |       0 |   0.0
        D:4 |     106 |       0 |   0.0 |      10 |       0 |   0.0
        D:5 |     209 |       0 |   0.0 |       6 |       0 |   0.0
            +---------+---------+-------+---------+---------+-------
